Map: Catalyst LE

Players

Zest - Winner!

  • Race: Protoss Protoss
  • League: Master
  • Spawn Location: 11:00

Scarlett

  • Race: Zerg Zerg
  • League: Diamond
  • Spawn Location: 5:00

Event: HomeStory Cup XVI

VOD

Have the link to the VOD?

Description

Time

  • Played on: Nov. 12, 2017, 11:29 a.m.
  • Length: 23:29

All games in this series

Show
View Real Time Build Order
Export as new Build Order

Zest Protoss - Winner!

Build Orders: 1 Gate Expand, Phoenix Opening, Colossus Rush 

Get SALT Encoding   

  12  0:02  Probe (Chrono Boost)  
  14  0:14  Probe (Chrono Boost)  
  14  0:17  Pylon  
  14  0:25  Probe (Chrono Boost)  
  15  0:31  Probe (Chrono Boost)  
  15  0:42  Probe (Chrono Boost)  
  17  0:43  Gateway  
  17  0:49  Assimilator  
  17  0:54  Probe (Chrono Boost)  
  18  1:06  Probe (Chrono Boost)  
  19  1:18  Probe (Chrono Boost)  
  20  1:27  Nexus  
  20  1:38  Cybernetics Core  
  20  1:42  Probe (Chrono Boost)  
  21  1:47  Assimilator  
  22  1:54  Probe (Chrono Boost)  
  22  1:56  Pylon  
  22  2:04  Adept  
  22  2:06  Probe (Chrono Boost)  
  25  2:18  Probe (Chrono Boost)  
  25  2:19  Stargate  
  26  2:27  Warp Gate  
  27  2:31  Probe (Chrono Boost)  
  27  2:33  Adept  
  27  2:36  Probe (Chrono Boost)  
  29  2:43  Probe (Chrono Boost)  
  29  2:44  Probe (Chrono Boost)  
  32  2:53  Phoenix  
  32  2:55  Probe (Chrono Boost)  
  32  2:56  Probe (Chrono Boost)  
  37  3:07  Probe (Chrono Boost)  
  37  3:08  Probe (Chrono Boost)  
  37  3:11  Phoenix  
  38  3:19  Probe (Chrono Boost)  
  42  3:20  Probe (Chrono Boost)  
  42  3:21  Gateway  
  42  3:27  Pylon  
  42  3:29  Phoenix  
  42  3:33  Probe x2 (Chrono Boost)  
  44  3:39  Pylon  
  46  3:47  Probe x2 (Chrono Boost)  
  46  3:48  Phoenix  
  48  3:49  Assimilator  
  48  3:51  Assimilator  
  50  4:01  Probe x2 (Chrono Boost)  
  52  4:09  Pylon  
  52  4:13  Phoenix, Probe x2 (Chrono Boost)  
  56  4:19  Forge  
  56  4:23  Robotics Facility  
  56  4:24  Probe (Chrono Boost)  
  56  4:26  Probe (Chrono Boost)  
  58  4:36  Pylon  
  58  4:49  Adept  
  58  4:50  Adept  
  58  4:52  Protoss Ground Weapons Level 1  
  62  4:55  Pylon  
  62  4:57  Probe x2 (Chrono Boost)  
  62  4:58  Immortal  
  64  5:11  Adept x2  
  68  5:15  Robotics Bay  
  68  5:20  Shield Battery  
  72  5:25  Gateway x2  
  72  5:34  Observer  
  73  5:49  Colossus  
  73  5:50  Zealot x2  
  73  5:53  Pylon  
  73  5:55  Pylon  
  73  5:56  Gateway  
  77  5:58  Gateway  
  77  6:09  Nexus  
  83  6:11  Sentry  
  83  6:12  Sentry  
  83  6:15  Pylon  
  86  6:25  Sentry x2  
  86  6:32  Warp Prism  
  90  6:39  Sentry x2  
  96  6:53  Gateway  
  96  6:55  Adept, Observer  
  96  6:56  Adept  
  96  6:57  Gateway  
  96  7:01  Adept x2  
  102  7:14  Adept x2  
  104  7:35  Adept x3, Sentry x3  
  92  7:43  Protoss Ground Armor Level 1  
  90  7:48  Probe x2 (Chrono Boost)  
  93  7:59  Probe (Chrono Boost)  
  93  8:00  Probe (Chrono Boost)  
  93  8:01  Probe (Chrono Boost)  
  93  8:03  Colossus  
  101  8:07  Probe (Chrono Boost)  
  101  8:08  Probe (Chrono Boost)  
  101  8:11  Probe (Chrono Boost)  
  104  8:16  Assimilator  
  108  8:20  Assimilator  
  108  8:24  Probe x3 (Chrono Boost)  
  108  8:25  Twilight Council  
  107  8:27  Photon Cannon  
  107  8:37  Probe x3 (Chrono Boost)  
  110  8:43  Pylon  
  110  8:47  Gateway  
  112  8:49  Probe x2 (Chrono Boost)  
  112  8:50  Gateway  
  112  8:53  Pylon  
  112  8:55  Pylon  
  112  8:57  Observer, Charge  
  112  8:58  Pylon  
  112  9:00  Pylon  
  113  9:08  Templar Archives  
  113  9:14  Zealot x8  
  120  9:33  Probe x3 (Chrono Boost)  
  122  9:45  Probe (Chrono Boost)  
  123  9:49  Warp Prism  
  118  10:01  High Templar, Shield Battery  
  118  10:02  High Templar x7, Photon Cannon, Zealot x2  
  118  10:06  Probe x3 (Chrono Boost)  
  141  10:07  Archon x2  
  141  10:08  Archon x2  
  141  10:18  Probe x3 (Chrono Boost)  
  144  10:23  Photon Cannon, Shield Battery  
  144  10:27  Probe x3 (Chrono Boost)  
  147  10:47  Zealot  
  147  10:49  Observer  
  149  10:57  Zealot x8  
  141  11:05  High Templar x6, Zealot, Observer  
  141  11:06  Zealot x2  
  159  11:12  Archon x3  
  152  11:20  Observer  
  142  11:28  Zealot x4  
  149  11:35  Probe x3 (Chrono Boost)  
  149  11:37  Zealot x4  
  149  11:39  Observer  
  160  11:53  Zealot x6  
  162  11:58  Observer  
  124  12:14  Zealot x10  
  116  12:29  Nexus  
  100  12:37  Observer  
  100  12:38  High Templar x7  
  100  12:39  High Templar  
  100  12:42  Archon x3  
  100  12:43  Archon  
  108  12:49  Zealot x2  
  76  13:10  Probe x3 (Chrono Boost)  
  79  13:13  Zealot x6  
  79  13:16  Pylon  
  90  13:23  Immortal  
  72  13:32  Zealot x4  
  72  13:34  High Templar x3, Psionic Storm  
  70  13:35  High Templar x2  
  70  13:38  Archon x2  
  70  13:40  High Templar  
  86  13:47  Warp Prism, Archon  
  86  13:54  Gateway  
  86  13:58  High Templar x3  
  86  13:59  High Templar  
  96  14:15  Immortal  
  97  14:26  Probe x3 (Chrono Boost)  
  97  14:27  Zealot  
  105  14:42  Immortal  
  103  14:56  High Templar x4  
  103  14:57  Zealot x6  
  127  15:00  Archon x2, Pylon  
  127  15:05  Forge  
  127  15:08  Observer  
  127  15:20  Nexus  
  127  15:36  Immortal  
  127  15:39  Probe x3 (Chrono Boost)  
  134  15:45  High Templar x4, Zealot  
  134  15:46  Zealot x2  
  148  15:50  Archon x2  
  147  16:03  Archon  
  107  16:19  High Templar x3  
  107  16:20  Zealot x2  
  107  16:22  Zealot x3  
  107  16:23  Cybernetics Core  
  123  16:29  Blink  
  123  16:35  Zealot x3  
  123  16:36  Probe x2 (Chrono Boost)  
  123  16:39  Protoss Ground Weapons Level 2  
  131  16:46  High Templar  
  133  16:52  Assimilator  
  133  16:54  Assimilator  
  133  16:57  Photon Cannon  
  133  16:58  Photon Cannon  
  133  17:01  High Templar  
  133  17:06  Shield Battery  
  135  17:21  Warp Prism  
  135  17:25  Shield Battery  
  137  17:41  Nexus  
  137  17:43  Pylon  
  135  17:46  Pylon  
  135  17:54  High Templar x4, Zealot x7  
  135  17:58  Archon x2  
  157  18:22  Observer  
  146  18:38  Zealot x10  
  146  18:39  Zealot  
  154  18:44  Observer  
  151  19:06  High Templar x4  
  159  19:10  Photon Cannon  
  159  19:12  Protoss Ground Weapons Level 3  
  159  19:13  Photon Cannon  
  159  19:16  Shield Battery  
  162  19:17  Probe x3 (Chrono Boost)  
  162  19:18  Shield Battery  
  162  19:21  Assimilator  
  162  19:25  Assimilator  
  162  19:28  Colossus  
  168  19:39  Robotics Facility  
  168  19:42  Zealot x9  
  142  20:11  Probe x3 (Chrono Boost)  
  142  20:12  Probe (Chrono Boost)  
  142  20:13  Zealot x9  
  164  20:15  High Templar x2, Colossus x2  
  164  20:20  Archon  
  168  20:23  Extended Thermal Lance  
  173  20:54  Zealot x2  
  173  20:55  Zealot x4  
  169  21:15  Zealot x5  
  179  21:21  High Templar x4  
  187  21:27  Archon  
  187  21:28  Archon  
  187  21:30  Observer x2  
  185  21:55  Stalker x6  
  197  22:03  Observer Gravitic Boosters  
  197  22:05  Stalker  
  137  22:38  Stalker x10  
  129  23:02  Stalker x2  
  129  23:03  Stalker x3, Zealot  
  133  23:11  Archon  
  121  23:16  Stalker x2  
  107  23:23  High Templar  
  107  23:24  High Templar, Zealot  
Show
View Real Time Build Order
Export as new Build Order

Scarlett Zerg 

Build Orders: Pool First, Lurkers 

Get SALT Encoding   

  12  0:00  Drone  
  13  0:12  Overlord  
  13  0:16  Drone  
  14  0:31  Drone x2  
  14  0:34  Drone  
  17  0:52  Drone  
  17  0:54  Extractor, Spawning Pool  
  16  1:11  Hatchery  
  16  1:15  Drone  
  16  1:18  Drone  
  17  1:22  Drone  
  18  1:29  Drone  
  19  1:41  Queen  
  19  1:42  Zergling x2  
  22  1:51  Overlord  
  22  2:00  Metabolic Boost  
  22  2:10  Drone  
  22  2:11  Drone  
  24  2:16  Queen  
  26  2:24  Queen  
  26  2:26  Drone  
  29  2:36  Drone  
  29  2:37  Drone x2  
  32  2:43  Zergling x2  
  33  2:53  Hatchery  
  33  2:56  Drone  
  33  2:58  Drone  
  35  3:05  Drone  
  35  3:06  Drone  
  35  3:07  Overlord  
  36  3:19  Overlord  
  36  3:26  Spore Crawler  
  37  3:29  Drone x3  
  37  3:34  Queen  
  38  3:35  Drone x3  
  38  3:39  Overlord  
  44  3:41  Drone  
  44  3:46  Evolution Chamber, Drone  
  44  3:54  Overlord  
  44  3:58  Drone  
  44  3:59  Drone x3  
  48  4:03  Overlord  
  48  4:04  Zergling x2  
  48  4:09  Spore Crawler, Drone  
  49  4:11  Zergling x2  
  49  4:12  Zergling x2  
  49  4:14  Zerg Melee Weapons Level 1  
  51  4:22  Queen  
  51  4:23  Overlord  
  53  4:26  Drone x2  
  55  4:34  Zergling x8  
  59  4:38  Drone  
  59  4:39  Drone x2  
  62  4:46  Overlord  
  62  4:47  Drone x3  
  65  5:05  Overlord  
  64  5:08  Drone x7  
  64  5:09  Lair  
  64  5:11  Extractor, Spore Crawler  
  64  5:13  Overlord  
  69  5:20  Queen  
  71  5:29  Baneling Nest, Drone x9  
  71  5:32  Extractor  
  71  5:33  Extractor  
  77  5:42  Overlord  
  77  5:47  Drone x3  
  77  5:49  Pneumatized Carapace  
  76  5:50  Overlord  
  76  5:51  Zergling x2  
  76  5:52  Zergling x4  
  76  5:53  Extractor  
  76  5:56  Zergling x4  
  76  5:57  Zergling x4  
  82  6:04  Zergling x10  
  87  6:13  Centrifical Hooks  
  87  6:14  Zergling x2  
  87  6:15  Zergling x10  
  93  6:29  Zerg Missile Weapons Level 1  
  93  6:30  Hydralisk Den  
  92  6:41  Overlord  
  92  6:43  Zergling x18  
  92  6:44  Baneling x5  
  92  6:45  Baneling x5  
  100  7:03  Zergling x18  
  100  7:04  Zergling x6  
  108  7:10  Zergling x4  
  108  7:11  Baneling x14  
  102  7:22  Zergling x12  
  86  7:37  Zergling x16  
  90  7:50  Baneling  
  90  7:51  Baneling x9  
  89  7:58  Overlord  
  89  7:59  Overlord x2  
  89  8:03  Extractor  
  88  8:06  Muscular Augments  
  88  8:12  Hatchery  
  88  8:13  Drone x3  
  90  8:22  Drone x10  
  90  8:26  Zerg Missile Weapons Level 2  
  100  8:29  Drone x3  
  100  8:31  Lurker Den  
  102  8:46  Overlord x3, Hydralisk  
  102  8:47  Hydralisk x3  
  110  8:56  Overlord x2, Hatchery  
  110  8:57  Overlord  
  110  9:00  Drone x5  
  109  9:03  Hydralisk  
  111  9:10  Hydralisk x4  
  119  9:21  Overlord  
  117  9:34  Drone  
  117  9:35  Drone x9  
  117  9:36  Infestation Pit  
  126  9:40  Hydralisk  
  126  9:41  Hydralisk x4  
  133  9:47  Extractor  
  133  9:49  Extractor  
  133  9:50  Overlord  
  125  9:57  Overlord x3  
  125  9:58  Overlord  
  122  10:01  Hydralisk x4  
  122  10:05  Lurker  
  122  10:06  Lurker x3  
  133  10:21  Hive  
  133  10:25  Lurker  
  133  10:26  Lurker x2, Spire  
  135  10:30  Hydralisk, Zergling x2  
  135  10:31  Hydralisk, Zergling x6  
  135  10:32  Zergling x12  
  140  10:50  Hydralisk  
  140  10:51  Hydralisk x5  
  148  11:17  Hydralisk x6, Zergling x2  
  158  11:20  Lurker x2  
  159  11:36  Hydralisk x6  
  149  12:08  Hydralisk x10  
  131  12:17  Hydralisk  
  131  12:18  Hydralisk x2  
  131  12:20  Hydralisk  
  131  12:22  Zergling x38  
  140  12:28  Queen x3  
  134  12:36  Hydralisk x5  
  137  12:37  Zergling x2  
  137  12:43  Hydralisk  
  118  12:44  Zergling x6  
  104  12:53  Hatchery  
  97  13:02  Hydralisk x2  
  97  13:03  Zergling x8  
  105  13:08  Drone x3  
  90  13:29  Hydralisk x6  
  90  13:30  Zergling x2  
  102  13:34  Lurker  
  102  13:36  Drone  
  102  13:37  Drone x2  
  105  13:54  Lurker x2  
  107  13:56  Lurker  
  107  14:01  Hydralisk  
  107  14:02  Zergling x10  
  115  14:04  Drone x4  
  115  14:05  Drone  
  120  14:11  Overseer  
  119  14:18  Drone x3  
  119  14:19  Greater Spire  
  122  14:26  Drone x6  
  128  14:46  Zergling x10  
  128  14:51  Hatchery  
  132  14:58  Lurker x4  
  132  14:59  Lurker x2  
  138  15:06  Extractor, Drone  
  138  15:07  Drone x2  
  140  15:10  Hydralisk x4  
  148  15:16  Hydralisk  
  148  15:17  Hydralisk  
  152  15:31  Extractor  
  152  15:32  Extractor  
  152  15:33  Corruptor x3  
  156  15:39  Drone  
  156  15:40  Drone  
  158  15:47  Corruptor, Drone x2  
  162  15:54  Baneling  
  162  15:55  Baneling x9  
  162  15:59  Hydralisk x2  
  101  16:11  Hydralisk  
  101  16:12  Hydralisk x3, Zergling x2  
  102  16:21  Hydralisk  
  102  16:22  Hydralisk x2  
  102  16:24  Lurker  
  104  16:29  Hydralisk x4  
  104  16:32  Lurker  
  113  16:36  Lurker  
  113  16:39  Lurker, Zergling x2  
  116  16:40  Zergling x4  
  116  16:46  Lurker  
  118  16:49  Lurker  
  118  16:53  Overseer  
  119  16:57  Lurker  
  120  17:04  Brood Lord  
  122  17:15  Lurker x2  
  124  17:27  Lurker  
  124  17:28  Lurker  
  124  17:29  Hatchery  
  125  17:30  Lurker  
  126  17:44  Brood Lord  
  126  17:45  Corruptor  
  130  17:59  Zerg Missile Weapons Level 3  
  130  18:00  Extractor  
  130  18:03  Extractor, Drone x3  
  130  18:04  Drone x3  
  134  18:05  Queen  
  136  18:15  Corruptor  
  136  18:16  Corruptor  
  136  18:19  Brood Lord  
  142  18:22  Zergling x26  
  132  18:35  Zergling x18  
  136  18:41  Drone x2  
  136  18:42  Drone  
  136  18:50  Baneling x4  
  136  18:55  Brood Lord  
  138  19:04  Brood Lord  
  140  19:11  Drone x3  
  143  19:25  Zergling x2  
  143  19:26  Zergling x6  
  147  19:33  Viper x2  
  147  19:36  Hydralisk x5  
  163  19:40  Drone x3  
  163  19:42  Drone  
  154  20:06  Drone x3  
  154  20:07  Drone x3  
  154  20:08  Spine Crawler  
  154  20:09  Spine Crawler  
  153  20:17  Corruptor  
  153  20:18  Corruptor x3  
  151  20:38  Hydralisk x6  
  151  20:39  Hydralisk x3  
  163  20:53  Hydralisk x4  
  170  21:13  Brood Lord x2  
  170  21:14  Brood Lord  
  176  21:25  Hydralisk x3  
  177  21:42  Hatchery  
  176  21:55  Overlord  
  176  21:57  Infestor x4  
  179  22:16  Hydralisk x4  
  127  22:44  Corruptor x3  
  133  22:53  Zergling x14  
Tags
 
Add a new tag
Caveats
  • Supply blocks, unpowered buildings, or Contaminate may cause inaccurate times.
  • Supply counts are checked every 10 seconds.